 Dungeon Crawl Stone Soup version 0.31.0-32-g396128a36d (webtiles) character file.

Game seed: 8210557759580995391

3368 TacoSundae the Grappler (level 10, -2/84 HPs)
             Began as a Naga Shapeshifter on Apr 7, 2024.
             Was an Elder of Cheibriados.
             Slain by a yak (11 damage)
             ... on level 8 of the Dungeon.
             The game lasted 00:27:13 (8482 turns).

TacoSundae the Grappler (Naga Shapeshifter)         Turns: 8482, Time: 00:27:14

Health: -2/84      AC:  5    Str: 33    XL:     10   Next: 3%
Magic:  13/13      EV: 10    Int: 20    God:    Cheibriados [****..]
Gold:   494        SH:  0    Dex: 27    Spells: 9/9 levels left

rFire   . .          .
                       - Unarmed
rCold   . . .        (no shield)
rNeg    . . .        j - +1 leather armour
rPois   +            (helmet currently unavailable)
rElec   .            (cloak currently unavailable)
rCorr   .            (gloves currently unavailable)
SInv    +            (no barding)
Will    +....        z - amulet of magic regeneration
Stlth   ++           o - +6 ring of strength
HPRegen 0.34/turn    (no ring)
MPRegen 0.53/turn

%: no passive effects
@: beast-form, very slow
A: beast (slay +4), AC +3, large, see invisible, deformed body, poison
resistance, slowness 2, spit poison 1, naga tail 1, agile 1, high MP 1
a: Spit Poison, Begin Untransformation, Renounce Religion, Bend Time, Temporal
Distortion, Slouch


You were on level 8 of the Dungeon.
You worshipped Cheibriados.
Cheibriados was greatly pleased with you.
You were a hulking beast.
You visited 2 branches of the dungeon, and saw 9 of its levels.
You also visited: Ossuary.

You collected 494 gold pieces.

Inventory:

Missiles
 k - a throwing net
 t - 8 poisoned darts
Armour
 j - a +1 leather armour (worn)
 m - a +0 helmet
 y - a +0 cloak
Jewellery
 e - a ring of magical power
 o - a +6 ring of strength (left hand)
 z - an amulet of magic regeneration (around neck)
Talismans
 c - a beast talisman
 d - a flux talisman
Wands
 l - a wand of digging (3)
 q - a wand of polymorph (10)
Scrolls
 b - a scroll of immolation
 h - 2 scrolls of amnesia
 i - a scroll of blinking
 r - 4 scrolls of enchant armour
 v - a scroll of teleportation
 A - a scroll of vulnerability
 D - 2 scrolls of enchant weapon
Potions
 a - 2 potions of brilliance
 f - a potion of mutation
 g - 2 potions of lignification
 n - 4 potions of enlightenment
 p - 2 potions of curing
 s - 2 potions of might
 u - a potion of attraction
 w - a potion of invisibility {unknown}
 x - a potion of resistance {unknown}
 B - 2 potions of heal wounds
 C - a potion of magic {unknown}


   Skills:
 + Level 3.3 Fighting
 - Level 1.5 Dodging
 + Level 10.9 Unarmed Combat
 + Level 3.3 Invocations
 + Level 7.8 Shapeshifting


You had 9 spell levels left.
You didn't know any spells.
Your spell library contained the following spells:

 Spells                   Type           Power      Damage    Failure   Level
 Apportation              Tloc           0%         N/A       22%         1
 Necrotise                Necr           0%         1d4       22%         1
 Sting                    Conj/Alch      0%         1d3       22%         1
 Summon Small Mammal      Summ           0%         N/A       22%         1
 Jinxbite                 Hex            0%         N/A       32%         2
 Lesser Beckoning         Tloc           0%         N/A       32%         2
 Gell's Gravitas          Tloc           0%         N/A       54%         3
 Teleport Other           Tloc           0%         N/A       54%         3
 Volatile Blastmotes      Fire/Tloc      0%         2d10      54%         3
 Fulminant Prism          Conj/Alch      0%         3d5       91%         4
 Iskenderun's Mystic Bla  Conj/Tloc      0%         2d3       91%         4
 Alistair's Intoxication  Alch           0%         N/A       99%         5


Dungeon Overview and Level Annotations

Branches:
Dungeon (8/15)             Temple (1/1) D:4         Ossuary (visited)
   Lair: D:8-11

Altars:
Ashenzari
Cheibriados
Dithmenos
Elyvilon
Hepliaklqana
Kikubaaqudgha
Makhleb
Nemelex Xobeh
Okawaru
Qazlal
Ru
Trog
Uskayaw
Vehumet
Wu Jian
Xom
Yredelemnul
Zin
The Shining One

Shops:
D:4 ?   D:5 ?


Innate Abilities, Weirdness & Mutations

You are a hulking beast.
Your limbs bulge with bestial killing power. (Slay +4)
Your serpentine skin is tough. (AC +3)
You have supernaturally acute eyesight. (SInv)
Armour fits poorly on your strangely shaped body.
Your system is resistant to poisons. (rPois)
You cover ground very slowly.
You can spit poison.
You have a snake-like lower body.
You are agile. (Dex +4, Str/Int -1)
You have an increased reservoir of magic. (+10% MP)


Message History

Cheibriados appreciates the change of pace.
Your Fighting skill increases to level 3!
Your Invocations skill increases to level 3!
The yak bellows!
You hit the yak.
The yak is lightly wounded.
The yak gores you.
You hit the yak.
The yak is lightly wounded.
You hit the yak.
The yak is moderately wounded.
The yak barely misses you.
You hit the yak.
The yak is moderately wounded.
The yak closely misses you.
You hit the yak.
The yak is moderately wounded.
You closely miss the yak. You punch the yak!
The yak is moderately wounded.
You hit the yak but do no damage.
The yak is moderately wounded.
The yak gores you.
You punch the yak!
The yak is severely wounded.
The yak completely misses you. The yak closely misses you.
The yak gores you! x2
You punch the yak!
You kill the yak!
Cheibriados appreciates the change of pace.
The yak gores you!
* * * LOW HITPOINT WARNING * * *
You have reached level 10!
You punch the yak!
The yak is heavily wounded.
The yak gores you!
* * * LOW HITPOINT WARNING * * *
You hit the yak but do no damage.
The yak is heavily wounded.
The yak gores you!
You die...

#############
#...........#
#.####.####.#
#.##.....## .#
#.#.......#..#
####.#.......#..#
#######........_......#
...........#.......#..#
#######h#..#.......#..#
#Y#..##.....## .#
#.#..####.####..
#.#.............#
..#.##[..##.#....
###.###.....# ##
#######.# #####.#
........# ###.#
#######)# #... #


You could see a yak.

Vanquished Creatures
  Sigmund (D:5)
  A wyvern (D:8)
  2 yaks (D:8)
  Edmund (D:6)
  A water moccasin (D:7)
  2 sky beasts
  2 black bears
  3 ogres
  A phantom (D:6)
  A weeping skull (Ossuary)
  A kobold brigand (D:5)
  An elf zombie (Ossuary)
  4 bullfrogs
  2 scorpions
  2 burial acolytes (Ossuary)
  A howler monkey (D:5)
  4 quasits (D:6)
  3 hounds
  3 orc priests (D:6)
  A bombardier beetle (D:3)
  2 jellies
  2 human zombies (Ossuary)
  Crazy Yiuf (D:6)
  7 iguanas
  2 orc wizards
  5 hound zombies (Ossuary)
  2 mummies (Ossuary)
  9 gnolls
  5 adders
  A shadow imp (D:6)
  7 white imps
  3 ufetubi (D:6)
  3 dart slugs
  3 ribbon worms
  19 orcs
  8 endoplasms
  4 giant cockroaches
  8 goblins
  7 hobgoblins
  2 jackals (D:4)
  46 kobolds
  5 quokkas
  6 ball pythons
  9 bats
  2 frilled lizards (D:2)
  4 gnoll zombies (Ossuary)
  4 orc zombies (Ossuary)
  4 rats
217 creatures vanquished.

Notes
Turn   | Place    | Note
-------+----------+-------------------------------------------
     0 | D:1      | TacoSundae the Naga Shapeshifter began the quest for the
                  | Orb.
     0 | D:1      | Reached XP level 1. HP: 18/18 MP: 1/1
   249 | D:1      | Reached XP level 2. HP: 20/25 MP: 2/2
   525 | D:1      | Found a faded altar of an unknown god.
   930 | D:2      | Reached XP level 3. HP: 31/31 MP: 3/3
  1044 | D:2      | Reached skill level 4 in Unarmed Combat
  1545 | D:3      | Reached XP level 4. HP: 38/38 MP: 4/4
  2018 | D:3      | Gained mutation: You are agile. (Dex +4, Str/Int -1)
                  | [potion of mutation]
  2018 | D:3      | Gained mutation: You have an increased reservoir of magic.
                  | (+10% MP) [potion of mutation]
  2055 | D:3      | Reached XP level 5. HP: 17/44 MP: 5/5
  2467 | D:3      | Found a glowing silver altar of Zin.
  2758 | D:4      | Reached skill level 5 in Unarmed Combat
  2919 | D:4      | Noticed an ogre
  2929 | D:4      | Killed an ogre
  3044 | D:4      | Reached XP level 6. HP: 23/51 MP: 6/6
  3215 | D:4      | Found a staircase to the Ecumenical Temple.
  3222 | Temple   | Entered the Ecumenical Temple
  3229 | Temple   | Became a worshipper of Cheibriados the Contemplative
  3399 | D:4      | Reached skill level 6 in Unarmed Combat
  3500 | D:4      | Found Yhat's Magic Scroll Shop.
  4063 | D:5      | Entered Level 5 of the Dungeon
  4110 | D:5      | Reached XP level 7. HP: 56/57 MP: 7/7
  4178 | D:5      | Reached skill level 5 in Shapeshifting
  4185 | D:5      | Reached skill level 7 in Unarmed Combat
  4491 | D:5      | Found Gehahi's Magic Scroll Boutique.
  4554 | D:5      | Found a shadowy altar of Dithmenos.
  4556 | D:5      | Found a shimmering altar of Xom.
  5012 | D:5      | Reached * piety under Cheibriados
  5106 | D:5      | Reached XP level 8. HP: 64/64 MP: 8/8
  5126 | D:5      | Noticed Sigmund
  5147 | D:5      | Killed Sigmund
  5148 | D:5      | Reached skill level 8 in Unarmed Combat
  5191 | D:5      | Reached ** piety under Cheibriados
  5879 | D:6      | Reached skill level 9 in Unarmed Combat
  5923 | D:6      | Reached *** piety under Cheibriados
  6067 | D:6      | Noticed Edmund
  6082 | D:6      | Killed Edmund
  6083 | D:6      | Reached XP level 9. HP: 11/70 MP: 9/9
  6446 | D:6      | Reached skill level 10 in Unarmed Combat
  6513 | D:6      | Identified the +9 dagger of a Gauntlet {speed, Str-4 Dex+5}
  6534 | D:6      | Reached **** piety under Cheibriados
  6586 | D:6      | Found a runed translucent door.
  6587 | D:6      | Noticed Crazy Yiuf
  6594 | D:6      | Killed Crazy Yiuf
  7146 | D:7      | Found a sand-covered staircase.
  7150 | Ossuary  | Entered an ossuary
  7207 | Ossuary  | Reached skill level 1 in Invocations
  7392 | Ossuary  | Found an ancient bone altar of Kikubaaqudgha.
  7763 | D:7      | Found a white marble altar of Elyvilon.
  8140 | D:8      | Noticed a two-headed ogre
  8445 | D:8      | Found a radiant altar of Vehumet.
  8481 | D:8      | Reached XP level 10. HP: 19/84 MP: 13/13
  8482 | D:8      | Slain by a yak

Illustrated notes

Levels and vault maps discovered:
D:1:      dpeg_arrival_tiny_g, layout_loops_cross,
          chequers_ecumenical_altar_simple_redux
D:2:      layout_loops_ring
D:3:      layout_basic, lemuel_tele_altar, grunt_ministairs_2,
          minmay_close_crescents
D:4:      layout_layer_cave, minmay_temple_entry_drinking_statues, serial_shops,
          nicolae_shop_rolling_square, kennysheep_path_1,
          minmay_misc_feat_plants, roderic_roman_lattice
D:5:      minmay_goblin_kobold_castle, layout_basic,
          mainiacjoe_overflow_catwalk_spiral, serial_shops, kennysheep_mini,
          serial_glass, glass_columns_b, glass_columns_b, feat_on_display,
          item_on_display_a, kennysheep_potato, uniq_sigmund
D:6:      layout_basic, serial_demonic, serial_demonic_g, serial_demonic_c,
          serial_demonic_e, serial_demonic_e, serial_demonic_b,
          serial_demonic_a, serial_demonic_f, serial_demonic_f,
          uniq_crazy_yiuf_cottage, uniq_edmund
D:7:      layout_basic, nicolae_overflow_crystal_walls, enter_ossuary_5
D:8:      layout_loops_ring, fedhas_altar_3, gammafunk_temple_overflow_arena,
          old_standard_altar, uniq_psyche
Temple:   nicolae_temple_bog_church

Skill      XL: |  1  2  3  4  5  6  7  8  9 |
---------------+----------------------------+-----
Unarmed Combat | 4 5 6 7 9 10 | 10.9
Shapeshifting  | 4 5 6 7 |  7.8
Invocations    | 3 |  3.3
Fighting       | 3 |  3.3
Dodging        | |  1.5

Action                     |  1- 3 |  4- 6 |  7- 9 | 10-12 || total
---------------------------+-------+-------+-------+-------++-------
  Melee: Unarmed           |    99 |   104 |   365 |     2 ||   570
         Punch             |     2 |     5 |    20 |       ||    27
 Invoke: Bend Time         |       |       |     1 |       ||     1
Ability: Spit Poison       |     1 |     4 |     7 |       ||    12
    Use: Potion            |       |     8 |     1 |       ||     9
         Scroll            |       |    10 |     6 |       ||    16
   Stab: Sleeping          |       |     1 |     3 |       ||     4
         Distracted        |       |       |     1 |       ||     1
 Armour: Animal skin       |     7 |       |       |       ||     7
         Leather armour    |    40 |    65 |   257 |     2 ||   364
         Skin              |       |     1 |     3 |       ||     4
  Dodge: Dodged            |    47 |    46 |   169 |       ||   262
